 Dungeon Crawl Stone Soup version 0.30-a0-586-g23e55c9e0a (webtiles) character file.

Game seed: 427257762577659750

14506 CoinPitGoblin the Geomancer (level 12, -7/64 HPs)
             Began as a Gargoyle Earth Elementalist on Jan 3, 2023.
             Was a Believer of Sif Muna.
             Mangled by a komodo dragon (21 damage)
             ... on level 3 of the Lair of Beasts.
             The game lasted 00:41:17 (13293 turns).

CoinPitGoblin the Geomancer (GrEE)                 Turns: 13293, Time: 00:41:18

Health: -7/64      AC: 20    Str: 14    XL:     12   Next: 17%
Magic:  1/27       EV: 10    Int: 19    God:    Sif Muna [**....]
Gold:   910        SH: 10    Dex: 10    Spells: 21/34 levels left

rFire   + + .      SeeInvis .    d - +3 dagger (drain)
rCold   + + .      Faith    .    x - +2 shield of Resistance {rF++ rC++ Will++}
rNeg    + . .      Spirit   .    P - +0 troll leather armour
rPois   ∞          Reflect  .    k - +1 helmet
rElec   +          Harm     .    (no cloak)
rCorr   .          Rampage  .    s - +0 pair of gloves
Will    +++..                    T - +2 pair of boots
Stlth   ++                       (no amulet)
HPRegen 1.10/turn                U - ring of wizardry
MPRegen 0.20/turn                h - ring of willpower

@: very slightly contaminated
A: sickness immunity, AC +8, negative energy resistance 1, electricity
resistance, torment resistance 1, petrification resistance
a: Renounce Religion, Channel Magic


You were on level 3 of the Lair of Beasts.
You worshipped Sif Muna.
Sif Muna was pleased with you.
You visited 3 branches of the dungeon, and saw 15 of its levels.

You collected 910 gold pieces.

Inventory:

Hand Weapons
 d - a +3 dagger of draining (weapon)
 v - a +0 quarterstaff
 y - a +1 dire flail of holy wrath
Missiles
 A - a throwing net
Armour
 k - a +1 helmet (worn)
 s - a +0 pair of gloves (worn)
 x - the +2 shield of Resistance (worn) {rF++ rC++ Will++}
   (You found it on level 3 of the Dungeon)

   rF:        It greatly protects you from fire.
   rC:        It greatly protects you from cold.
   Will:      It greatly increases your willpower.
 F - a +3 leather armour of willpower
 M - a +1 scale mail of willpower
 P - a +0 troll leather armour (worn)
 T - a +2 pair of boots (worn)
Magical Staves
 C - a staff of conjuration
Jewellery
 h - a ring of willpower (right hand)
 o - a ring of protection from fire
 q - a ring of resist corrosion
 U - a ring of wizardry (left hand)
Wands
 e - a wand of polymorph (16)
 D - a wand of iceblast (13)
 I - a wand of paralysis (7)
 K - a wand of flame (13)
 Q - a wand of mindburst (10)
 S - a wand of acid (3)
Scrolls
 f - 6 scrolls of teleportation
 l - a scroll of torment
 n - 4 scrolls of identify
 p - 8 scrolls of fog
 r - 2 scrolls of poison
 G - 2 scrolls of enchant weapon
 L - a scroll of immolation
 O - a scroll of enchant armour
Potions
 a - 3 potions of berserk rage
 b - 2 potions of magic
 c - 3 potions of brilliance
 g - 4 potions of haste
 j - a potion of mutation
 m - 2 potions of cancellation
 u - a potion of resistance {unknown}
 w - 6 potions of curing {unknown}
 z - a potion of might {unknown}
 B - a potion of flight {unknown}
 E - 3 potions of lignification {unknown}
 H - 2 potions of ambrosia {unknown}
 N - a potion of attraction {unknown}


   Skills:
 + Level 2.5 Fighting
 + Level 4.0 Armour
 + Level 3.7 Dodging
 - Level 2.1 Stealth
 + Level 4.9 Shields
 + Level 11.6 Spellcasting
 * Level 2.0 Necromancy
 - Level 0.7 Transmutations
 + Level 14.7 Earth Magic
 * Level 2.5 Invocations


You had 21 spell levels left.
You knew the following spells:

 Your Spells              Type           Power      Damage    Failure   Level
a - Stone Arrow           Conj/Erth      78%        3d11      1%          3
b - Petrify               Tmut/Erth      40%        N/A       4%          4
q - Sandblast             Erth           100%       2d20      1%          1
x - Vampiric Draining     Necr           19%        2d7       12%         3
z - Passwall              Tmut/Erth      33%        N/A       1%          2

Your spell library contained the following spells:

 Spells                   Type           Power      Damage    Failure   Level
 Necrotise                Necr           76%        1d7       4%          1
 Slow                     Hex            44%        N/A       9%          1
 Confusing Touch          Hex            11%        N/A       26%         3
 Gell's Gravitas          Tloc           11%        N/A       26%         3
 Lesser Beckoning         Tloc           22%        N/A       26%         3
 Teleport Other           Tloc           11%        N/A       26%         3
 Agony                    Necr           19%        N/A       67%         5


Dungeon Overview and Level Annotations

Branches:
Dungeon (11/15)            Temple (1/1) D:7            Lair (3/5) D:9
  Swamp (0/4) Lair:2        Snake (0/4) Lair:2
    Orc: D:9-12

Altars:
Ashenzari
Cheibriados
Dithmenos
Elyvilon
Fedhas
Gozag
Hepliaklqana
Kikubaaqudgha
Makhleb
Nemelex Xobeh
Okawaru
Qazlal
Ru
Sif Muna
Trog
Uskayaw
Vehumet
Wu Jian
Xom
Yredelemnul
Zin
The Shining One

Shops:
D:6 (

Annotations:
D:8 3 runed translucent doors, alexxx's ghost, novice TrEE
D:9 exclusion: obsidian statue
Lair:3 2 transporters, Muenniam's ghost, journeyman TeAE


Innate Abilities, Weirdness & Mutations

You are immune to sickness and miasma.
Your stone body is resilient. (AC +8)
You are immune to poison.
You resist negative energy. (rN+)
You are resistant to electric shocks. (rElec)
You are resistant to unholy torment.
You are immune to petrification.


Message History

Confirm with . or Enter, or press ? or * to list all spells.
Aiming: Vampiric Draining (dangerous; 12% risk of failure)
Press: ? - help, Shift-Dir - straight line, f/p - komodo dragon
Aim: a komodo dragon (lightly wounded)
You draw life force from the komodo dragon!
You feel life coursing into your body. The komodo dragon bites you.
* * * LOW HITPOINT WARNING * * *
Casting: Vampiric Draining (dangerous; 12% risk of failure)
Confirm with . or Enter, or press ? or * to list all spells.
Aiming: Vampiric Draining (dangerous; 12% risk of failure)
Press: ? - help, Shift-Dir - straight line, f/p - komodo dragon
Aim: a komodo dragon (heavily wounded)
You miscast Vampiric Draining.
You are very lightly contaminated with residual magic.
Nothing appears to happen.
The komodo dragon bites you!
* * * LOW HITPOINT WARNING * * *
Casting: Vampiric Draining (dangerous; 12% risk of failure)
Confirm with . or Enter, or press ? or * to list all spells.
Aiming: Vampiric Draining (dangerous; 12% risk of failure)
Press: ? - help, Shift-Dir - straight line, f/p - komodo dragon
Aim: a komodo dragon (heavily wounded)
You draw life force from the komodo dragon!
You feel life coursing into your body. You block the komodo dragon's attack.
Casting: Vampiric Draining (dangerous; 12% risk of failure)
Confirm with . or Enter, or press ? or * to list all spells.
Aiming: Sandblast (safe; 1% risk of failure)
Press: ? - help, Shift-Dir - straight line, f/p - komodo dragon
Aim: a komodo dragon (severely wounded, 89% to hit)
The blast of sand hits the komodo dragon.
The komodo dragon is severely wounded.
The komodo dragon misses you.
Casting: Sandblast (safe; 1% risk of failure)
Confirm with . or Enter, or press ? or * to list all spells.
Aiming: Sandblast (safe; 1% risk of failure)
Press: ? - help, Shift-Dir - straight line, f/p - komodo dragon
Aim: a komodo dragon (severely wounded, 89% to hit)
The blast of sand hits the komodo dragon but does no damage.
The komodo dragon is severely wounded.
The komodo dragon barely misses you. The komodo dragon bites you!!
You die...

..#.........###
..............###
.#.......D......©
#.#..##P.+.#.P..
##### ###.## #..
#...## ## #....##
##P##P.l#.# ..#
##......@.## ....
#........[###.....
###.......<.......
#................
...#...............
##.........#.#.....
##....†.....#.....
##...............
##..#####.......


You could see a seven-headed hydra and a komodo dragon.

Vanquished Creatures
  2 two-headed ogres
  A salamander (Lair:2)
  2 black mambas (Lair:2)
  Joseph (D:8)
  2 cane toads (Lair:1)
  A kobold demonologist (D:8)
  2 komodo dragons (Lair:1)
  3 trolls
  A polar bear (Lair:2)
  5 blink frogs (Lair:3)
  4 dream sheep (Lair:3)
  Sigmund (D:3)
  2 wraiths
  16 yaks
  A shadow (D:8)
  A wyvern (D:7)
  A basilisk (Lair:1)
  2 vampire mosquitoes (D:10)
  A steam dragon (D:9)
  10 water moccasins
  3 orc warriors
  A black bear (D:8)
  2 ogres (D:6)
  2 ice beasts
  3 wolves (Lair:2)
  3 centaurs
  3 phantoms
  3 kobold brigands (D:8)
  3 bullfrogs
  2 gnoll sergeants
  A necrophage (D:6)
  2 scorpions
  An electric eel (D:7)
  7 howler monkeys
  4 lava snakes (Lair:2)
  5 hounds
  2 jellies
  A gnoll bouda (D:6)
  4 orc priests
  Jessica (D:3)
  3 iguanas
  Ijyb (D:5)
  Terence (D:3)
  12 orc wizards
  7 gnolls
  5 adders
  2 white imps (D:6)
  An ufetubus (D:4)
  2 worms
  A dart slug (D:2)
  47 orcs
  8 endoplasms
  2 giant cockroaches (D:1)
  11 goblins
  8 hobgoblins
  2 jackals (D:3)
  5 quokkas
  6 ball pythons
  7 bats
  3 frilled lizards
  17 kobolds
  7 rats
270 creatures vanquished.

Vanquished Creatures (others)
  5 fungi
  9 plants
14 creatures vanquished.

Grand Total: 284 creatures vanquished

Notes
Turn   | Place    | Note
-------+----------+-------------------------------------------
     0 | D:1      | CoinPitGoblin the Gargoyle Earth Elementalist began the
                  | quest for the Orb.
     0 | D:1      | Reached XP level 1. HP: 10/10 MP: 3/3
   126 | D:1      | Reached skill level 4 in Earth Magic
   170 | D:1      | Reached XP level 2. HP: 15/15 MP: 3/5
  1296 | D:2      | Reached XP level 3. HP: 19/19 MP: 4/6
  2105 | D:3      | Reached skill level 5 in Earth Magic
  2118 | D:3      | Found a radiant altar of Vehumet.
  2125 | D:3      | Found an iron altar of Okawaru.
  2140 | D:3      | Noticed Sigmund
  2147 | D:3      | Reached XP level 4. HP: 18/24 MP: 2/8
  2147 | D:3      | Killed Sigmund
  2148 | D:3      | Reached skill level 6 in Earth Magic
  2148 | D:3      | Reached XP level 5. HP: 22/28 MP: 1/10
  2318 | D:3      | Learned a level 2 spell: Passwall
  2322 | D:3      | Learned a level 3 spell: Stone Arrow
  2331 | D:3      | Reached XP level 6. HP: 32/32 MP: 6/11
  2616 | D:3      | Found the +2 shield of Resistance {rF++ rC++ Will++}
  2787 | D:3      | Noticed Terence
  2798 | D:3      | Killed Terence
  2990 | D:3      | Noticed Jessica
  2996 | D:3      | Killed Jessica
  3467 | D:4      | Reached XP level 7. HP: 22/37 MP: 8/14
  3791 | D:4      | Reached skill level 7 in Earth Magic
  3834 | D:4      | Reached skill level 5 in Spellcasting
  3934 | D:4      | Reached skill level 1 in Fighting
  3934 | D:4      | Reached skill level 1 in Shields
  4451 | D:5      | Entered Level 5 of the Dungeon
  4522 | D:5      | Noticed Ijyb
  4532 | D:5      | Killed Ijyb
  4554 | D:5      | Reached XP level 8. HP: 39/43 MP: 4/16
  5060 | D:6      | Reached skill level 8 in Earth Magic
  5289 | D:6      | Identified the +1 pair of gloves of Burnt Birdsong {Harm
                  | +Inv Dex+2}
  5311 | D:6      | Found Hotoawyps's Weapon Shop.
  5425 | D:6      | Reached skill level 9 in Earth Magic
  6011 | D:6      | Learned a level 3 spell: Vampiric Draining
  6067 | D:7      | Reached XP level 9. HP: 40/47 MP: 15/19
  6255 | D:7      | Reached skill level 10 in Earth Magic
  6423 | D:7      | Reached skill level 1 in Armour
  6656 | D:7      | Found a staircase to the Ecumenical Temple.
  6941 | Temple   | Entered the Ecumenical Temple
  7136 | Temple   | Became a worshipper of Sif Muna the Loreminder
  7218 | D:8      | Noticed a kobold demonologist
  7321 | D:8      | Reached skill level 11 in Earth Magic
  7326 | D:8      | Killed a kobold demonologist
  7498 | D:8      | Reached XP level 10. HP: 52/52 MP: 18/22
  7756 | D:8      | Identified the +10 great mace of Luxury {flame, rC+ rCorr
                  | Str-5}
  7773 | D:8      | Found a runed translucent gate.
  7898 | D:8      | Noticed alexxx's ghost (novice TrEE)
  7926 | D:8      | Found a runed translucent gate.
  7926 | D:8      | Found a runed translucent gate.
  7970 | D:8      | Reached skill level 12 in Earth Magic
  8028 | D:8      | Noticed Joseph
  8036 | D:8      | Killed Joseph
  8818 | D:9      | Noticed a two-headed ogre
  8826 | D:9      | Reached * piety under Sif Muna
  9023 | D:9      | Killed a two-headed ogre
  9165 | D:9      | Reached skill level 10 in Spellcasting
  9221 | D:9      | Noticed an obsidian statue
  9293 | D:9      | Reached skill level 13 in Earth Magic
  9440 | D:9      | Reached XP level 11. HP: 48/57 MP: 15/25
  9621 | D:9      | Found a staircase to the Lair.
  9693 | D:9      | Identified the +5 dagger of Boarphirui {antimagic, *Corrode
                  | Fly rC+ Dex+2}
  9977 | Lair:1   | Entered Level 1 of the Lair of Beasts
 10015 | D:10     | Entered Level 10 of the Dungeon
 10505 | D:10     | Noticed a two-headed ogre
 10513 | D:10     | Killed a two-headed ogre
 11212 | Lair:1   | Reached ** piety under Sif Muna
 11336 | Lair:1   | Reached skill level 14 in Earth Magic
 12305 | Lair:2   | Found a staircase to the Swamp.
 12606 | Lair:2   | Reached skill level 1 in Invocations
 12668 | Lair:2   | Found a staircase to the Snake Pit.
 12668 | Lair:2   | Noticed a salamander
 12673 | Lair:2   | Reached skill level 1 in Necromancy
 12680 | Lair:2   | Killed a salamander
 12952 | Lair:3   | Noticed a death yak
 12952 | Lair:3   | Noticed a death yak
 12952 | Lair:3   | Noticed a death yak
 12990 | Lair:3   | Reached XP level 12. HP: 64/64 MP: 25/27
 13026 | Lair:3   | Noticed a seven-headed hydra
 13035 | Lair:2   | Learned a level 4 spell: Petrify
 13255 | Lair:3   | Found a transporter.
 13260 | Lair:3   | Found a transporter.
 13272 | Lair:3   | Noticed Muenniam's ghost (journeyman TeAE)
 13293 | Lair:3   | Mangled by a komodo dragon

Illustrated notes

Levels and vault maps discovered:
D:1:      nzn_arrival_crosshair, layout_basic
D:2:      layout_loops_cross, minmay_randomly_rotated_circles
D:3:      layout_basic, mainiacjoe_overflow_big_doors, serial_bayou_pond_b,
          uniq_jessica, uniq_sigmund, uniq_terence
D:4:      layout_cave_pods
D:5:      layout_rooms, uniq_ijyb
D:6:      minmay_spotlight, layout_loops_ring, serial_shops,
          nicolae_shop_bloodbath_and_beyond
D:7:      layout_basic, minmay_temple_entry_overgrown, water_boxes_lemuel
D:8:      layout_gridville, gammafunk_ghost_icy, uniq_joseph
D:9:      layout_loops_cross, lair_entry_dummy,
          eino_small_chamber_without_monster, minmay_protected_statue
D:10:     layout_irregular_city
D:11:     minmay_the_grid_octo_2x2 [minmay_the_grid_octo_horde,
          minmay_the_grid_octo_pinwheel, minmay_the_grid_octo_fan_narrow,
          minmay_the_grid_octo_prize_big_c], layout_basic, orc_0_dummy,
          gauntlet_entry_generic
Temple:   nicolae_temple_slightly_damp_pantheon
Lair:1:   layout_roguey, chequers_serial_rivers_small_3,
          nicolae_quartered_pool_impasse, lemuel_fruit_tree
Lair:2:   layout_concentric_octagons, minmay_swamp_entry_worms,
          nicolae_snake_entry_warm_welcome
Lair:3:   layout_roguey, gammafunk_ghost_wrathful_warriors

Skill      XL: |  1  2  3  4  5  6  7  8  9 10 11 12 |
---------------+-------------------------------------+-----
Earth Magic    | 4 5 6 7 9 11 13 14 | 14.7
Spellcasting   | 3 4 5 7 8 10 11 | 11.6
Dodging        | 2 3 |  3.7
Fighting       | 1 2 |  2.5
Shields        | 1 2 3 4 |  4.9
Armour         | 2 3 4 |  4.0
Invocations    | 1 2 |  2.5
Necromancy     | 1 2 |  2.0
Stealth        | |  2.1
Transmutations | |  0.7

Action                   |  1- 3 |  4- 6 |  7- 9 | 10-12 || total
-------------------------+-------+-------+-------+-------++-------
Melee: Dagger            |     5 |    48 |    43 |    19 ||   115
       Punch             |     1 |       |       |       ||     1
 Cast: Sandblast         |    55 |    47 |   178 |   226 ||   506
       Passwall          |       |     1 |       |     3 ||     4
       Stone Arrow       |       |       |       |    27 ||    27
       Vampiric Draining |       |       |       |     9 ||     9
       Petrify           |       |       |       |     7 ||     7
  Use: Scroll            |       |       |    15 |     8 ||    23
       Potion            |       |       |       |     3 ||     3
 Stab: Petrified         |       |       |       |     3 ||     3
Armor: Robe              |     5 |    23 |    37 |       ||    65
       Leather armour    |       |       |    34 |    42 ||    76
       Troll leather arm |       |       |       |    77 ||    77
Dodge: Dodged            |    12 |    38 |    57 |   138 ||   245
Block: Kite shield       |       |    11 |    75 |   164 ||   250

Table legend: (Time is in decaauts)
 A = Elapsed time spent in this place.
 B = Non-inter-level travel time spent in this place.
 C = Inter-level travel time spent in this place.
 D = Time resting spent in this place.
 E = Time spent auto-exploring this place.
 F = Levels seen in this place.
 G = Mean time per level.
                   A        B        C        D        E       F      G
               +--------+--------+--------+--------+--------+-----+--------+
         Total |  13597 |  12170 |   1427 |    292 |   9592 |  15 |  906.5 |
       Dungeon |  11196 |  10002 |   1194 |    124 |   7969 |  11 | 1017.8 |
        Temple |    216 |    166 |     50 |      0 |    144 |   1 |  216.0 |
          Lair |   2183 |   2000 |    183 |    168 |   1479 |   3 |  727.7 |
               +--------+--------+--------+--------+--------+-----+--------+

Top non-repeatable levels by time:
     D:8: 1450 daAuts
     D:9: 1438 daAuts
     D:3: 1310 daAuts
     D:4: 1178 daAuts
    D:10: 1109 daAuts
     D:6: 1105 daAuts
  Lair:2: 1089 daAuts
     D:2: 1049 daAuts
     D:1: 1049 daAuts
     D:7: 999 daAuts
  Lair:1: 962 daAuts
     D:5: 489 daAuts
  Temple: 216 daAuts
  Lair:3: 132 daAuts
    D:11: 16 daAuts
